 Dungeon Crawl Stone Soup version 0.24.0-41-g2ae2f7f1be (webtiles) character file.

Game seed: 11680044835621355581, levelgen mode: deterministic

224 Brecoman the Changer (level 5, -2/45 HPs)
             Began as a Draconian Transmuter on Dec 12, 2019.
             Slain by Grinder (11 damage)
             ... on level 4 of the Dungeon.
             The game lasted 00:11:50 (4038 turns).

Brecoman the Changer (Draconian Transmuter)         Turns: 4038, Time: 00:11:51

Health: -2/45      AC:  5    Str: 12    XL:     5   Next: 67%
Magic:  5/10       EV: 12    Int: 14    God:
Gold:   127        SH:  0    Dex: 12    Spells: 3/10 levels left

rFire    . . .     SeeInvis .     - Unarmed
rCold    . . .     Gourm    .   (no shield)
rNeg     . . .     Faith    .   (armour unavailable)
rPois    .         Spirit   .   (helmet restricted)
rElec    .         Reflect  .   (no cloak)
rCorr    .         Harm     .   (no gloves)
MR       .....                  (no boots)
Stlth    ..........             (no amulet)
HPRegen  0.15/turn              i - ring of attention (curse)
MPRegen  0.12/turn              (no ring)

@: appendage, very slightly contaminated
A: unfitting armour, horns 2, cold-blooded, AC +5
a: End Transformation


You were on level 4 of the Dungeon.
You were hungry.
You had grown temporary horns.
You visited 1 branch of the dungeon, and saw 4 of its levels.

You collected 127 gold pieces.

Inventory:

Hand Weapons
 b - a +0 hunting sling
Missiles
 a - 76 arrows
 f - 151 stones (quivered)
Armour
 s - a cursed +0 buckler
Jewellery
 i - a cursed ring of attention (left hand)
Scrolls
 e - a scroll of immolation {unknown}
 g - 2 scrolls of identify {unknown}
 h - a scroll of fear {unknown}
 j - 6 scrolls of remove curse {unknown}
 m - a scroll of fog {unknown}
 n - a scroll of blinking {unknown}
 p - a scroll of magic mapping {unknown}
 r - a scroll of enchant armour {unknown}
 t - a scroll of enchant weapon {unknown}
Potions
 d - a potion of heal wounds {unknown}
 k - a potion of resistance {unknown}
 l - a potion of lignification {unknown}
 o - a potion of ambrosia {unknown}
 u - a potion of agility
Comestibles
 c - 6 rations
 q - a chunk of flesh


   Skills:
 + Level 3.4 Fighting
 - Level 1.7 Dodging
 - Level 3.0 Unarmed Combat
 + Level 3.3 Spellcasting
 + Level 3.6 Transmutations
 + Level 1.7 Ice Magic


You had 3 spell levels left.
You knew the following spells:

 Your Spells              Type           Power        Failure   Level  Hunger
a - Beastly Appendage     Tmut           ##....       4%          1    #......
b - Sticks to Snakes      Tmut           ##......     7%          2    ##.....
c - Ice Form              Ice/Tmut       #.......     56%         4    #####..

Your spell library contained the following spells:

 Spells                   Type           Power        Failure   Level  Hunger
 Spider Form              Tmut/Pois      #.........   30%         3    ###....
 Blade Hands              Tmut           ##........   78%         5    ######.


Dungeon Overview and Level Annotations

Branches:
Dungeon (4/15)
 Temple: D:4-7

Altars:
Kikubaaqudgha

Annotations:
D:3 3 runed translucent doors, VPR's ghost, novice MiBe
D:4 Grinder


Innate Abilities, Weirdness & Mutations

Your plain brown scales are hard. (AC +5)
You cannot fit into any form of body armour.
You are cold-blooded and may be slowed by cold attacks.
You have a pair of horns on your head.


Message History

You closely miss Grinder.
Grinder is moderately wounded.
Your adder bites Grinder.
Your adder closely misses Grinder.
You hit Grinder.
Grinder is moderately wounded.
Your adder barely misses Grinder.
Grinder hits you!
* * * LOW HITPOINT WARNING * * *
You writhe in agony.
* * * LOW HITPOINT WARNING * * *
Your adder bites Grinder.
Your adder bites Grinder but does no damage.
Grinder hits your adder!
Your adder dies!
Your adder barely misses Grinder.
Your adder bites Grinder.
Your adder bites Grinder but does no damage.
You closely miss Grinder.
Grinder is moderately wounded.
Grinder hits you!
You die...

###################
##.....##..........#
##.......#..........#
#...................#
#...................#
#...................#####...
#............S5@............
#......................##...
##..........>..............
#.........###########.##..#
#............ ... ..#
##....(....### #.#. ..
............# .. # #
.#............ #..
###.##########


You could see Grinder and a friendly adder.

Vanquished Creatures
  An orc wizard (D:3)
  2 orc priests (D:3)
  2 adders
  2 howler monkey skeletons
  An ooze (D:3)
  A worm (D:2)
  A dart slug (D:2)
  2 leopard geckos
  10 orcs
  6 bats
  3 giant cockroaches
  6 goblins
  7 hobgoblins
  4 jackals (D:2)
  A quokka (D:3)
  3 frilled lizards
  7 kobolds
  6 rats
65 creatures vanquished.

Vanquished Creatures (collateral kills)
  3 adders
  An orc (D:3)
  A rat (D:3)
5 creatures vanquished.

Grand Total: 70 creatures vanquished

Notes
Turn   | Place    | Note
-------+----------+-------------------------------------------
     0 | D:1      | Brecoman the Draconian Transmuter began the quest for the
                  | Orb.
     0 | D:1      | Reached XP level 1. HP: 16/16 MP: 3/3
   181 | D:1      | Reached XP level 2. HP: 23/23 MP: 1/5
   189 | D:1      | Learned a level 2 spell: Sticks to Snakes
  1014 | D:2      | Reached XP level 3. HP: 29/29 MP: 4/6
  1714 | D:2      | Noticed a phantom
  2299 | D:3      | Reached XP level 4. HP: 37/37 MP: 8/8
  2305 | D:3      | Learned a level 4 spell: Ice Form
  2721 | D:3      | Reached skill level 1 in Ice Magic
  2897 | D:3      | Reached XP level 5. HP: 40/45 MP: 9/9
  3104 | D:3      | Found an ancient bone altar of Kikubaaqudgha.
  3259 | D:3      | Found a runed translucent gate.
  3259 | D:3      | Found a runed translucent gate.
  3259 | D:3      | Found a runed translucent gate.
  3261 | D:3      | Noticed VPR's ghost (novice MiBe)
  3449 | D:4      | Noticed Grinder
  4013 | D:4      | Paralysed by Grinder for 7 turns
  4038 | D:4      | Slain by Grinder

Levels and vault maps discovered:
D:1:      wander_arrival_fairy_ring, layout_loops_cross,
          minmay_misc_feat_ornament
D:2:      layout_basic, interstate_on_off
D:3:      layout_loops_ring, marbit_many_paths, first_ration,
          ebering_ghost_rock_garden, minmay_parallelograms
D:4:      layout_rooms, kennysheep_little_box, minmay_temple_entry_poolview,
          gammafunk_ghost_cemetery, uniq_grinder

Skill      XL: |  1  2  3  4 |
---------------+-------------+-----
Fighting       | 2 3 |  3.4
Transmutations | 3 |  3.6
Spellcasting   | 3 |  3.3
Ice Magic      | 1 |  1.7
Dodging        | |  1.7
Unarmed Combat | |  3.0

Action                   |  1- 3 |  4- 6 || total
-------------------------+-------+-------++-------
Melee: Unarmed           |   141 |   121 ||   262
       Kick              |     9 |     5 ||    14
       Tailslap          |    10 |    11 ||    21
       Headbutt          |     6 |    11 ||    17
       Punch             |     3 |     1 ||     4
 Fire: Hunting sling     |       |    16 ||    16
 Cast: Beastly Appendage |    26 |    15 ||    41
       Sticks to Snakes  |     3 |    13 ||    16
  Eat: Chunk             |     5 |     6 ||    11
Armor: Skin              |    52 |    33 ||    85
Dodge: Dodged            |   103 |    81 ||   184
